Cogmind - Beta 10.2 @@@ ROGUE MODE // 2021.04.30 @ 23:31:17 Player: Sullage Result: Destroyed by G-34 Mercenary with Small Laser Performance ------------- Evolutions (1) 500 Regions Visited (2) 400 Robots Destroyed (39) 195 Value Destroyed (843) 843 Prototype IDs (2) 40 Alien Tech Used (0) 0 Bonus (46) 46 TOTAL SCORE: 2024 Bonus ------- High Alert Combat Kills 46 Cogmind --------- Core Integrity 0/400 Matter 53/300 Energy 80/100 System Corruption 0% Temperature Cool (26) Movement Treading (160) Location -9/Materials Parts ------- > --- POWER (1) -------- (None) > --- PROPULSION (3) --- Light Treads Improved Treads > --- UTILITY (3) ------ Large Storage Unit Large Storage Unit Integration Mediator > --- WEAPON (2) ------- Flail > --- INVENTORY (16) --- Reclamation Unit Light Assault Rifle Light Assault Rifle Light Assault Rifle Mini Grenade Launcher Peak State ------------ > --- POWER ------------ Light Ion Engine > --- PROPULSION ------- Light Treads Improved Treads > --- UTILITY ---------- Large Storage Unit Large Storage Unit Integration Mediator > --- WEAPON ----------- Advanced Beam Cannon Flail > --- INVENTORY -------- Reclamation Unit Light Assault Rifle Light Assault Rifle Light Assault Rifle Mini Grenade Launcher [Rating: 13] Favorites ----------- Power Ion Engine Engine Ion Engine Propulsion Aluminum Leg Treads Light Treads Leg Aluminum Leg Utility Large Storage Unit Device Integration Mediator Storage Large Storage Unit Processor Targeting Computer Weapon Light Assault Rifle Energy Gun Improved EM Shotgun Energy Cannon Advanced Beam Cannon Ballistic Gun Light Assault Rifle Launcher Mini Grenade Launcher Impact Weapon Flail Build | -11 -10 -9 ------- Run | Scr Mat Mat Slots Evolved 2 | . . 2 Power . | . . . Propulsion 1 | . . 1 Utility 1 | . . 1 Weapon . | . . . Parts Attached 26 | 7 2 17 Power 2 | 1 . 1 Engine 2 | 1 . 1 Core . | . . . Reactor . | . . . Propulsion 8 | 3 . 5 Treads 3 | 1 . 2 Leg 5 | 2 . 3 Wheel . | . . . Hover . | . . . Flight . | . . . Utility 6 | 1 1 4 Device 1 | . . 1 Storage 4 | 1 1 2 Processor 1 | . . 1 Hackware . | . . . Protection . | . . . Artifact . | . . . Weapon 10 | 2 1 7 Energy Gun 2 | . . 2 Energy Cannon 1 | . . 1 Ballistic Gun 4 | 2 . 2 Ballistic Cannon . | . . . Launcher 2 | . 1 1 Special Weapon . | . . . Impact Weapon 1 | . . 1 Slashing Weapon . | . . . Piercing Weapon . | . . . Special Melee Weapon . | . . . Unidentified Prototypes 2 | . . 2 Parts Lost 12 | . . 12 Power 2 | . . 2 Propulsion 4 | . . 4 Utility . | . . . Weapon 6 | . . 6 Highest Loss Streak 6 | . . 6 Average Slot Usage (%) 83 | . 89 80 Engine 9 | . 14 7 Leg 22 | . 28 19 Device 1 | . . 2 Storage 20 | . 17 22 Processor 5 | . . 8 Energy Gun 3 | . . 4 Ballistic Gun 10 | . 18 6 Launcher 8 | . 9 7 Naked Turns . | . . . Heaviest Build 42 | 11 17 42 Greatest Support 43 | 20 20 43 Greatest Overweight (x) 12 | 3 . 12 Average Overweight (x) 1 | . . 1 Largest Inventory Capacity 16 | 6 8 16 Average Capacity 11 | 5 6 14 Most Carried 11 | 6 6 11 Average Carried 6 | 3 5 7 Final Capacity 16 | 6 8 16 Final Carried 5 | 4 5 5 Class Distribution -------------------- 100% | Mutant Dominant Class ---------------- Mutant | -10/Materials Mutant | -9/Materials Resources | -11 -10 -9 ----------- Run | Scr Mat Mat Matter Collected 670 | 203 176 291 Remotely . | . . . Salvage Created 626 | . 268 358 Parts 62 | . 32 30 Haulers Intercepted 1 | . . 1 Recyclers Shooed 1 | . . 1 Parts Field Recycled . | . . . Retrieved Matter . | . . . Parts Self-Destructed . | . . . Prevented . | . . . Kills | -11 -10 -9 ------- Run | Scr Mat Mat Combat Hostiles Destroyed 28 | . 12 16 Guns 8 | . 2 6 AOE 20 | . 10 10 Classes Destroyed 9 | . 5 4 Worker 2 | . 1 1 Hauler 1 | . . 1 Recycler 2 | . 1 1 Operator 1 | . . 1 Watcher 5 | . 2 3 Swarmer 14 | . 6 8 Grunt 10 | . 6 4 Brawler 1 | . . 1 Sentry 3 | . . 3 Best Kill Streak 7 | . 7 6 Combat Bots Only 6 | . 6 5 Max Kills in Single Turn 4 | . 4 3 Gunslinging . | . . . Exploded 2 | . 2 2 Melee . | . . . Uniques/NPCs Destroyed . | . . . Combat | -11 -10 -9 -------- Run | Scr Mat Mat Damage Taken 1948 | . 279 1669 Core 471 | . 66 405 Absorbed by Shields . | . . . Core Remaining (%) 86 | 100 73 . Volleys Fired 65 | . 23 42 Largest 2 | . 2 2 Hottest 68 | . 50 68 Shots Fired 106 | . 42 64 Gun 61 | . 27 34 Cannon 4 | . . 4 Launcher 41 | . 15 26 Special . | . . . Kinetic 54 | . 27 27 Thermal 6 | . . 6 Explosive 41 | . 15 26 Electromagnetic 5 | . . 5 Robot Hit Streak 11 | . 11 8 Robot Miss Streak 6 | . 6 6 Penetration Max . | . . . Secondary Targets . | . . . Shots Hit Robots 65 | . 22 43 Core Hits 68 | . 30 38 Critical Hits 1 | . . 1 Critical Kills 1 | . . 1 Critical Parts Destroyed . | . . . Melee Attacks . | . . . Impact . | . . . Slashing . | . . . Piercing . | . . . Sneak Attacks . | . . . Combat Hostiles . | . . . Follow-up Attacks . | . . . Damage Inflicted 2972 | . 896 2076 Guns 501 | . 124 377 Cannons 62 | . . 62 Explosions 2409 | . 772 1637 Melee . | . . . Ramming . | . . . Kinetic 376 | . 124 252 Thermal 258 | . . 258 Explosive 2228 | . 772 1456 Electromagnetic 110 | . . 110 Impact . | . . . Slashing . | . . . Piercing . | . . . Highest Corruption . | . . . Average Corruption . | . . . Corruption Purged . | . . . Overload Shots . | . . . Overflow Damage 123 | . 7 116 Projectiles . | . . . Explosions 123 | . 7 116 Melee . | . . . Knockbacks . | . . . Impact . | . . . Kinetic . | . . . Secondary . | . . . Self-Inflicted Damage 190 | . 60 130 Shots 7 | . 2 5 Rammed . | . . . Targets Rammed . | . . . Kicked . | . . . Crushed . | . . . Highest Temperature 102 | . 22 102 Average Temperature 18 | . 9 32 Received Heat Transfer 597 | . 102 495 Siege Activations . | . . . Robots Corrupted . | . . . Combat Hostiles . | . . . Parts Fried . | . . . Impact Corruptions . | . . . Robots Melted . | . . . Combat Hostiles . | . . . Parts Melted . | . . . Heat Transferred 248 | . . 248 Parts Sabotaged . | . . . Parts Stolen . | . . . Parts Stripped . | . . . Power Chain Reactions . | . . . Missiles Intercepted . | . . . Alert | -11 -10 -9 ------- Run | Scr Mat Mat Peak Influence 605 | . 369 605 Initial 107 | . . 107 Average 273 | . 168 341 Maximum Alert Level 2 | . 1 2 Low Security (%) 26 | 100 42 14 Level 1 36 | . 57 29 Level 2 36 | . . 56 Level 3 . | . . . Level 4 . | . . . Level 5 . | . . . High Security . | . . . Max Security . | . . . Squads Dispatched 7 | . 4 3 Investigation 2 | . 1 1 Extermination . | . . . Reinforcement 5 | . 3 2 Assault . | . . . Garrison . | . . . Intercept . | . . . Construction Impeded . | . . . Haulers Reinforced . | . . . Stealth | -11 -10 -9 --------- Run | Scr Mat Mat Distress Signals 4 | . 1 3 Communications Jammed . | . . . Distress Signals . | . . . Times Spotted 46 | . 19 27 Peak Tracking Total 8 | . 5 8 Tactical Retreats 1 | . . 1 Traps | -11 -10 -9 ------- Run | Scr Mat Mat Traps Triggered . | . . . Indirectly . | . . . Trap Hack Attempts . | . . . Triggered . | . . . Disarmed . | . . . Reprogrammed . | . . . Reused . | . . . Traps Extracted . | . . . Installed . | . . . Triggered . | . . . Machines | -11 -10 -9 ---------- Run | Scr Mat Mat Machines Disabled 8 | . 3 5 Max in Single Turn 2 | . 1 2 Machines Sabotaged . | . . . Garrisons Compromised . | . . . Overloaded Fab Kills . | . . . Fab Network Shutdowns . | . . . Hacking | -11 -10 -9 --------- Run | Scr Mat Mat Machines Accessed 7 | . 2 5 Terminals 3 | . 1 2 Fabricators . | . . . Repair Stations 1 | . . 1 Recycling Units 2 | . 1 1 Scanalyzers 1 | . . 1 Garrison Access . | . . . Total Hacks 29 | . 7 22 Successful 17 | . 3 14 Failed 12 | . 4 8 Catastrophic . | . . . Database Lockouts . | . . . Manual . | . . . Terminals 10 | . 6 4 Fabricators . | . . . Repair Stations 3 | . . 3 Recycling Units 5 | . 1 4 Scanalyzers 11 | . . 11 Garrison Access . | . . . Terminal Hacks 3 | . 2 1 Unreport Threat 1 | . 1 . Investigation Status 1 | . . 1 Zone Layout 1 | . 1 . Fabricator Hacks . | . . . Repair Station Hacks 2 | . . 2 Scan Component 1 | . . 1 Repair 1 | . . 1 Recycling Unit Hacks 2 | . 1 1 Retrieve Components 2 | . 1 1 Scanalyzer 10 | . . 10 Insert Component 5 | . . 5 Analyze 5 | . . 5 Garrison Access Hacks . | . . . Unauthorized Hacks . | . . . Terminals . | . . . Fabricators . | . . . Repair Stations . | . . . Recycling Units . | . . . Scanalyzers . | . . . Garrison Access . | . . . Data Cores Recovered . | . . . Used . | . . . Hacking Detections 5 | . 1 4 Full Trace Events 3 | . 1 2 Feedback Events . | . . . Feedback Blocked . | . . . Robot Schematics Acquired . | . . . Robots Built . | . . . Matter . | . . . Time . | . . . Total Robot Build Rating . | . . . Part Schematics Acquired 5 | . . 5 Parts Built . | . . . Matter . | . . . Time . | . . . Total Part Build Rating . | . . . Parts Repaired 1 | . . 1 Time 26 | . . 26 Parts Recycled . | . . . Recycled Matter . | . . . Retrieved Matter . | . . . Retrieved Components 9 | . 7 2 Parts Scanalyzed 5 | . . 5 Part Schematics Acquired 5 | . . 5 Parts Damaged . | . . . Bothacking | -11 -10 -9 ------------ Run | Scr Mat Mat Used RIF Installer . | . . . Robots Hacked . | . . . Non-combat . | . . . Combat . | . . . Robot Hacks Applied . | . . . Relay Couplers Released . | . . . Robots Rewired . | . . . Allies Hacked . | . . . Hacks Repelled . | . . . Allies | -11 -10 -9 -------- Run | Scr Mat Mat Total Allies . | . . . Largest Group . | . . . Highest-Rated Group . | . . . Highest-Rated Ally . | . . . Total Orders . | . . . Ally Attacks . | . . . Total Damage . | . . . Kills . | . . . Allies Corrupted . | . . . Allies Melted . | . . . Intel | -11 -10 -9 ------- Run | Scr Mat Mat Robot Analysis Total . | . . . Derelict Logs Recovered . | . . . Drone Launches . | . . . Drone Recoveries . | . . . Exploration | -11 -10 -9 ------------- Run | Scr Mat Mat Turns Passed 1083 | 57 316 710 Spaces Moved 557 | 35 205 317 Core 21 | 20 . 1 Treads 4 | . . 4 Legs 532 | 15 205 312 Wheels . | . . . Hover . | . . . Flight . | . . . Fastest Speed 50 | 50 120 120 Average Speed 150 | 114 120 174 Slowest Speed 650 | 200 120 650 Overloaded Moves . | . . . Propulsion Burnouts . | . . . Robots Hopped . | . . . Cave-ins Triggered . | . . . Exploration Rate (%) 30 | 4 51 36 Regions Visited 2 Branch Regions . Pre-discovered Areas . | . . . Known Exits Taken . | . . . Unknown Exits Taken 2 | 1 1 . Scrap Searched . | . . . Spaces Dug . | . . . Terrain Destroyed 249 | . 74 175 Melee . | . . . Projectile . | . . . AOE 249 | . 74 175 Terrain Rammed . | . . . Walls Destroyed . | . . . Machines Disabled . | . . . Actions | -11 -10 -9 --------- Run | Scr Mat Mat Total 701 | 51 240 410 Wait 18 | . 1 17 Move 555 | 34 204 317 Hop . | . . . Pick Up 31 | 10 6 15 Fast Attach . | . . . Attach 19 | 6 1 12 Detach . | . . . Swap 7 | 1 1 5 Drop 6 | . 4 2 Fire 65 | . 23 42 Melee . | . . . Ram . | . . . Kick . | . . . Crush . | . . . Escape Stasis . | . . . Rewire . | . . . Trap . | . . . Miscellaneous . | . . . Route ------- -11/Scrapyard -10/Materials -9/Materials History --------- Turn | Location | Event 21 | -11/Scrapyard | Discovered new exit (range 15) 58 | -11/Scrapyard | Entered Materials 308 | -10/Materials | Build established: Mutant 353 | -10/Materials | Discovered new exit (range 14) 374 | -10/Materials | Entered another Materials area 374 | -9/Materials | Evolved 2 slots: Propulsion x1, Utility x1 559 | -9/Materials | Repaired Aluminum Leg 743 | -9/Materials | Lost 5 parts (1p3n1w) 1037 | -9/Materials | Core integrity fell below 50% 1062 | -9/Materials | Core integrity fell below 20% 1084 | -9/Materials | Destroyed by G-34 Mercenary with Small Laser Last Messages --------------- 01057_ R-06 Scavenger destroyed. 01061_ K-01 Serf collects debris. 01061_ Identified Adv. Beam Cannon. 01063_ Y-45 Defender destroyed. 01064_ K-01 Serf collects debris. 01065_ Lgt. Ion Engine destroyed. 01066_ K-01 Serf collects debris. 01072_ Adv. Beam Cannon destroyed. 01072_ K-01 Serf collects debris. 01074_ R-06 Scavenger collects Com. Wheel. 01075_ Acquired Beam Rifle. 01077_ K-01 Serf collects debris. 01077_ R-06 Scavenger collects Sml. Storage Unit. 01080_ K-01 Serf collects debris. 01081_ O-16 Technician destroyed. 01081_ Acquired 19 matter. 01081_ R-06 Scavenger collects Lgt. Ion Engine. 01083_ K-01 Serf collects debris. 01084_ Beam Rifle destroyed. 01084_ R-06 Scavenger collects Sml. Laser. Map ----- +----------------------------------------------------+ | #??# + #??????????????????? | | #??## # ## # """ #??????????????????? | | "" ######### ## # """ #??????????????????? | | S"" + #### ### """ #??????????????????? | | "" ######### #??# #?# #??????????????????? | | #???????# #??# #?# #??????????????????? | | ##/#######???# #??# #?# #??????????????????? | | ?# #???# #??# ######"##??????????????????? | | ?# ##### #???# #??# #???????????????????? | | ?# #????????##+#??# #???????????????????? | | ?# #???????? ?# #???????????????????? | | ?# #????????? # #???????????????????? | | ## #####+##????? + ##??????????????????? | | # ## #???????# T#??????????????????? | | # ## #???????# ##??????????????????? | | ## # #???????# #???????????????????? | | # # [ #?#######+## ##??????????????????? | | [ #?? ?# #??????????????????? | | # [! #???? / # #??????????????????? | | ## ## #?????? # #??????????????????? | | #+# ### #???????? + T #??????????????????? | | # #?##?????????# #??????????????????? | | # ! ] #????????????# #??????????????????? | | # !] #????????????# #??????????????????? | | + ] #????????????### ###??????????????????? | | # #??????????????# @#????????????????????? | | #! #??????????????#/=g#????????????????????? | | ########??????????????# * #????????????????????? | | +?????????????????????#[k!#????????????????????? | | #?????????????????????# *!#????????????????????? | | #?????????????????????# #????????????????????? | | #????????????????????? #???????????????????? | | #????????????????????? = Y#???????????????????? | | #????????????????????+ % ???????????????????? | | +????????????????????# r ##??????????????????? | | #????????????????????# Y #???????????????????? | | #????????????????????### ###???????????????????? | | ??????????????????????#k#?????????????????????? | | ???????????????????????? #?????????????????????? | | ????????????????????????k#?????????????????????? | | ???????????????????????? #?????????????????????? | | ???????????????????????? ??????????????????????? | | ???????????????????????? ??????????????????????? | | ???????????????????????? ??????????????????????? | | ???????????????????????????????????????????????? | | ???????????????????????????????????????????????? | | ???????????????????????????????????????????????? | | ???????????????????????????????????????????????? | | ???????????????????????????????????????????????? | | ???????????????????????????????????????????????? | +----------------------------------------------------+ Best States ------------- Heat Dissipation 28 Energy Generation 10 Energy Capacity 250 Matter Stores 282 Matter Capacity 300 Sight Range 16 Terrain Scan Density 10 Evasion (%) 50 Targeting Accuracy 5 Recoil Reduction 2 Item Schematics ----------------- Imp. Treads | -9/Materials | Scanalyzed Integration Mediator | -9/Materials | Scanalyzed Reclamation Unit | -9/Materials | Scanalyzed Flail | -9/Materials | Scanalyzed Assault Rifle | -9/Materials | Scanalyzed Robot Schematics ------------------ None Fabricated ------------ Nothing Alien Tech Used ----------------- None Achievements -------------- None Challenges ------------ None Game ------ Seed HugeCouplerGenerator Manual? 0 Play Time 00:20:26 Cumulative 3.6 hours Start 2021.04.30 @ 23:11:11 End 2021.04.30 @ 23:31:17 Sessions 1 Manual Loads 0 Difficulty Rogue Special Mode None Game No. 5 Rogue 5 Adventurer 0 Explorer 0 Win Type - Total 0 Types 0/0/0/0/0/0/0/0/0 Lore% 4 Gallery% 8 Achievement% 10 Wizard Run 0 Options --------- ASCII 0 Keyboard 0 Movement Mouse Keybinds 0 Fullscreen 1 Font 18/SmallcapsGlow Map View 76x50 Tactical HUD 1 Map Filters NONE Filters NONE Steam 0 RUN: 5fcf44b8-4e3f-4af5-b44b-b9e06c35ef33